Flyers vs Senateurs
Created - November 21, 2022 at 19:02
Goals
|
| Flyers |
2 |
1 |
1 |
4 |
| Senateurs |
1 |
1 |
0 |
2 |
|
Shots
|
| Flyers |
7 |
8 |
8 |
23 |
| Senateurs |
9 |
12 |
12 |
33 |
|
1st period
1. Flyers , Brock Nelson 1 (Marcus Kruger 2) at 2:49
2. Senateurs , Sidney Crosby 5 (Sean Bergenheim 4, Taylor Chorney 5) at 9:05
3. Flyers , Drew Miller 4 (Matt Smaby 2, Jeff Carter 3) at 10:07
Penalties :
Sean Bergenheim (Ott) for Holding (Minor) at 14:50
2nd period
4. Senateurs , Jordan Martinook 3 (Cody Eakin 1, Evgeni Malkin 3) at 7:21
5. Flyers , Marcus Kruger 3 (Jonathan Ericsson 2) at 13:14
Penalties :
Jacob Trouba (Phi) for Interference (Minor) at 0:49, Garnet Hathaway (Ott) for Interference (Minor) at 4:19, Sean Bergenheim (Ott) for Holding (Minor) at 18:14
3rd period
6. Flyers , Jeff Carter 5 (Jonathan Ericsson 3, Travis Konecny 6) at 4:58
Penalties :
Jonathan Ericsson (Phi) for Holding (Minor) at 6:33
Goalie Stats
Ilya Sorokin (Phi), 31 saves from 33 shots - (0.939), W, 2-2-0, 60:00 minutes
Brian Elliott (Ott), 5 saves from 5 shots - (1.000), 15:02 minutes
Jonathan Bernier (Ott), 14 saves from 18 shots - (0.778), L, 4-4-0, 44:58 minutes
Players Stats for Flyers
Player Name G A P +/- PIM S H SB GA TA FO MP PP MP PK MP
------------------------------------------------------------------------------------
Brian Lashoff 0 0 0 0 0 0 0 0 0 2 0/0 15:09 0:16 2:24
Brock Nelson 1 0 1 2 0 2 1 1 0 0 0/0 12:14 0:37 0:54
Calle Jarnkrok 0 0 0 2 0 2 0 0 0 0 2/6 11:48 0:39 0:54
Chris Mcallister 0 0 0 0 0 2 2 0 0 1 0/0 8:50 0:00 1:57
Drew Miller 1 0 1 0 0 3 2 0 0 1 0/0 17:39 2:52 1:07
Ivan Provorov 0 0 0 1 0 0 0 2 0 1 0/0 17:28 0:16 1:02
J.T. Miller 0 0 0 0 0 0 3 2 1 1 0/1 21:17 2:28 0:00
Jacob Trouba 0 0 0 1 2 0 3 1 3 0 0/0 22:05 3:40 1:12
Jakub Voracek 0 0 0 0 0 0 0 0 1 0 1/1 21:21 2:26 0:00
Jeff Carter 1 1 2 0 0 2 2 0 0 0 11/18 18:07 2:52 1:07
Jonathan Ericsson 0 2 2 1 2 1 1 2 0 2 0/0 24:54 2:01 1:08
Jordan Nolan 0 0 0 0 0 0 2 0 0 0 12/21 21:10 2:21 0:00
Marcus Kruger 1 1 2 2 0 2 1 1 1 0 0/0 13:35 2:52 0:00
Matt Smaby 0 1 1 1 0 2 2 2 1 0 0/0 23:48 2:01 1:56
Nathan Beaulieu 0 0 0 0 0 0 0 0 1 0 0/0 16:34 3:40 0:14
Niclas Bergfors 0 0 0 0 0 3 1 0 0 0 0/0 7:22 0:39 0:00
Travis Konecny 0 1 1 0 0 3 1 0 2 0 0/1 13:44 0:00 0:00
Travis Zajac 0 0 0 0 0 1 0 0 0 0 4/7 8:55 0:05 1:57
Players Stats for Senateurs
Player Name G A P +/- PIM S H SB GA TA FO MP PP MP PK MP
------------------------------------------------------------------------------------
Cody Eakin 0 1 1 0 0 0 0 1 0 0 5/9 11:42 0:01 1:04
Dave Bolland 0 0 0 -1 0 2 1 0 0 0 2/3 8:13 0:00 0:00
David Backes 0 0 0 0 0 1 2 2 1 0 0/1 19:17 2:03 0:00
Eric Gelinas 0 0 0 -2 0 0 0 0 0 0 0/0 20:43 2:24 3:12
Evgeni Malkin 0 1 1 -1 0 1 3 1 0 0 6/17 16:48 1:54 1:08
Garnet Hathaway 0 0 0 -1 2 1 0 0 0 0 0/1 8:36 0:01 0:00
Jared Cowen 0 0 0 1 0 1 0 1 2 3 0/0 27:12 2:10 3:12
Jason Pominville 0 0 0 0 0 1 1 1 0 0 0/0 10:19 0:00 0:00
Jeff Woywitka 0 0 0 -1 0 2 1 1 0 1 0/0 15:03 1:48 0:00
Jordan Martinook 1 0 1 0 0 1 2 0 0 1 0/0 12:37 0:01 1:51
Ladislav Smid 0 0 0 1 0 3 2 1 0 3 0/0 25:38 1:26 2:45
Michael Matheson 0 0 0 -1 0 0 0 0 0 1 0/0 13:39 0:08 0:00
Reilly Smith 0 0 0 -1 0 6 0 0 2 0 0/0 18:10 1:54 2:20
Rostislav Olesz 0 0 0 -1 0 2 3 0 0 1 0/0 17:53 1:54 2:13
Sean Bergenheim 0 1 1 0 4 5 1 0 1 0 0/1 20:32 2:03 1:07
Sidney Crosby 1 0 1 0 0 6 2 1 1 0 12/23 21:33 2:03 2:04
Taylor Chorney 0 1 1 -2 0 0 1 1 0 0 0/0 17:45 0:00 2:45
Zemgus Girgensons 0 0 0 -1 0 1 0 1 1 0 0/0 8:20 0:00 0:07
3 Stars
1 - Marcus Kruger (Phi)
2 - Jeff Carter (Phi)
3 - Brock Nelson (Phi)
Power Play
Flyers - 0 on 3 Attempt(s) - 0.00%
Senateurs - 0 on 2 Attempt(s) - 0.00%
Penalty Kill
Flyers - 2 on 2 Attempt(s) - 100.00%
- Score 0 goal in Penalty Kill
Senateurs - 3 on 3 Attempt(s) - 100.00%
- Score 0 goal in Penalty Kill
Team Stat
Flyers - Hits : 21 - Faceoff Wins : 30 - Blocked Shots : 11 - Penalty Minutes : 4
Senateurs - Hits : 19 - Faceoff Wins : 25 - Blocked Shots : 11 - Penalty Minutes : 6
Official
Referees : Chris Rooney and Kelly Sutherland
Linesman : Kory Nagy and Ryan Daisy
Game Notes
2:49 of 1st period - Flyers goal is going for a video replay. After video review, Goal.
Brian Elliott enters game at 4:58 of 3rd period
Finance
Level 1 -- Attendance: 5360 (89.33%) -- Ticket Income $536,000
Level 2 -- Attendance: 5000 (100.00%) -- Ticket Income $300,000
Level 3 -- Attendance: 1841 (92.05%) -- Ticket Income $64,435
Level 4 -- Attendance: 3879 (96.98%) -- Ticket Income $96,975
Luxury Box -- Attendance: 960 (96.00%) -- Ticket Income $192,000
Game was played at the Centre Canadian Tire.
Total Attendance: 17040 (94.67%)
Total Ticket Income: $1,189,410
Other Income: $178,412
Total Income: $1,367,822
Flyers
5 vs 5 Forward
Center Left Wing Right Wing Time % Phy DF OF
1 Jordan Nolan J.T. Miller Jakub Voracek 40 0 1 4
2 Jeff Carter Drew Miller Travis Konecny 30 0 1 4
3 Calle Jarnkrok Brock Nelson Marcus Kruger 20 1 1 3
4 Travis Zajac Chris Mcallister Niclas Bergfors 10 1 3 1
5 vs 5 Defense
Defense Defense Time % Phy DF OF
1 Matt Smaby Jonathan Ericsson 40 1 2 2
2 Ivan Provorov Jacob Trouba 30 1 2 2
3 Nathan Beaulieu Brian Lashoff 20 1 3 1
4 Jacob Trouba Jonathan Ericsson 10 0 2 3
PowerPlay Forward
Center Left Wing Right Wing Time % Phy DF OF
1 Jordan Nolan J.T. Miller Jakub Voracek 60 0 1 4
2 Jeff Carter Drew Miller Marcus Kruger 40 0 1 4
PowerPlay Defense
Defense Defense Time % Phy DF OF
1 Jacob Trouba Nathan Beaulieu 60 0 2 3
2 Jonathan Ericsson Matt Smaby 40 0 2 3
Penalty Kill 4 Players Forward
Center Wing Time % Phy DF OF
1 Travis Zajac Chris Mcallister 60 1 3 1
2 Jeff Carter Drew Miller 40 1 3 1
Penalty Kill 4 Players Defense
Defense Defense Time % Phy DF OF
1 Jacob Trouba Brian Lashoff 60 1 4 0
2 Jonathan Ericsson Matt Smaby 40 1 4 0
Penalty Kill - 3 Players Forward
Forward Time % Phy DF OF
1 Travis Zajac 60 1 4 0
2 Jeff Carter 40 1 4 0
Penalty Kill - 3 Players Defense
Defense Defense Time % Phy DF OF
1 Jacob Trouba Brian Lashoff 60 1 4 0
2 Matt Smaby Jonathan Ericsson 40 1 4 0
4 vs 4 Forward
Center Wing Time % Phy DF OF
1 Jordan Nolan J.T. Miller 60 1 2 2
2 Jeff Carter Jakub Voracek 40 1 2 2
4 vs 4 Defense
Defense Defense Time % Phy DF OF
1 Jacob Trouba Nathan Beaulieu 60 1 2 2
2 Matt Smaby Jonathan Ericsson 40 1 2 2
Last Minutes Offensive
Center Left Wing Right Wing Defense Defense
Jordan Nolan J.T. Miller Jakub Voracek Jacob Trouba Jonathan Ericsson
Last Minutes Defensive
Center Left Wing Right Wing Defense Defense
Travis Zajac Chris Mcallister Niclas Bergfors Jacob Trouba Matt Smaby
Goaltenders
Starting : Ilya Sorokin
Backup : Steve Mason
Extra Forwards
Normal : Jordan Nolan, Jeff Carter, J.T. Miller - PP : Jordan Nolan, Jeff Carter - PK : Travis Zajac
Extra Defensemen
Normal : Jacob Trouba, Jonathan Ericsson, Matt Smaby - PP : Jacob Trouba - PK : Jonathan Ericsson, Matt Smaby
Penalty Shots
Jordan Nolan, Jakub Voracek, Jeff Carter, Marcus Kruger, Travis Zajac
Scratches
Tomas Kubalik (Healthy)
Senateurs
5 vs 5 Forward
Center Left Wing Right Wing Time % Phy DF OF
1 Sidney Crosby Sean Bergenheim David Backes 40 1 2 2
2 Evgeni Malkin Rostislav Olesz Reilly Smith 30 1 2 2
3 Cody Eakin Jordan Martinook Jason Pominville 20 1 2 2
4 Dave Bolland Zemgus Girgensons Garnet Hathaway 10 1 2 2
5 vs 5 Defense
Defense Defense Time % Phy DF OF
1 Jared Cowen Ladislav Smid 40 1 2 2
2 Eric Gelinas Taylor Chorney 30 1 2 2
3 Michael Matheson Jeff Woywitka 20 1 2 2
4 Jared Cowen Ladislav Smid 10 1 2 2
PowerPlay Forward
Center Left Wing Right Wing Time % Phy DF OF
1 Sidney Crosby Sean Bergenheim David Backes 60 1 2 2
2 Evgeni Malkin Rostislav Olesz Reilly Smith 40 1 2 2
PowerPlay Defense
Defense Defense Time % Phy DF OF
1 Jared Cowen Eric Gelinas 60 1 2 2
2 Ladislav Smid Jeff Woywitka 40 1 2 2
Penalty Kill 4 Players Forward
Center Wing Time % Phy DF OF
1 Sidney Crosby Sean Bergenheim 60 1 2 2
2 Evgeni Malkin Rostislav Olesz 40 1 2 2
Penalty Kill 4 Players Defense
Defense Defense Time % Phy DF OF
1 Jared Cowen Eric Gelinas 60 1 2 2
2 Ladislav Smid Taylor Chorney 40 1 2 2
Penalty Kill - 3 Players Forward
Forward Time % Phy DF OF
1 Sidney Crosby 60 1 2 2
2 Evgeni Malkin 40 1 2 2
Penalty Kill - 3 Players Defense
Defense Defense Time % Phy DF OF
1 Jared Cowen Eric Gelinas 60 1 2 2
2 Ladislav Smid Taylor Chorney 40 1 2 2
4 vs 4 Forward
Center Wing Time % Phy DF OF
1 Sidney Crosby Sean Bergenheim 60 1 2 2
2 Evgeni Malkin Rostislav Olesz 40 1 2 2
4 vs 4 Defense
Defense Defense Time % Phy DF OF
1 Jared Cowen Eric Gelinas 60 1 2 2
2 Ladislav Smid Taylor Chorney 40 1 2 2
Last Minutes Offensive
Center Left Wing Right Wing Defense Defense
Sidney Crosby Sean Bergenheim David Backes Jared Cowen Eric Gelinas
Last Minutes Defensive
Center Left Wing Right Wing Defense Defense
Sidney Crosby Sean Bergenheim David Backes Jared Cowen Eric Gelinas
Goaltenders
Starting : Jonathan Bernier
Backup : Brian Elliott
Extra Forwards
Normal : Reilly Smith, Sean Bergenheim, Rostislav Olesz - PP : Reilly Smith, Sean Bergenheim - PK : Reilly Smith
Extra Defensemen
Normal : Jeff Woywitka, Taylor Chorney, Michael Matheson - PP : Jeff Woywitka - PK : Jeff Woywitka, Taylor Chorney
Penalty Shots
Sidney Crosby, Evgeni Malkin, David Backes, Jason Pominville, Reilly Smith
Scratches
Tomas Nosek (Healthy)
% Time on Ice - Flyers
Lines # - Real PCT - Wanted PCT - Time Play
Normal Forward
1 - 39% - 40% - 19:17
2 - 28% - 30% - 13:48
3 - 20% - 20% - 10:07
4 - 14% - 10% - 6:53
Normal Defense
1 - 39% - 40% - 19:43
2 - 31% - 30% - 15:27
3 - 26% - 20% - 13:00
4 - 4% - 10% - 1:55
PP Forward
1 - 52% - 60% - 3:05
2 - 48% - 40% - 2:52
PP Defense
1 - 66% - 60% - 3:56
2 - 34% - 40% - 2:01
PK Forward
1 - 72% - 60% - 2:51
2 - 28% - 40% - 1:07
PK Defense
1 - 51% - 60% - 2:02
2 - 49% - 40% - 1:56
PK3 Forward
1 - 0% - 60%
2 - 0% - 40%
PK3 Defense
1 - 0% - 60%
2 - 0% - 40%
44 Forward
1 - 0% - 60%
2 - 0% - 40%
44 Defense
1 - 0% - 60%
2 - 0% - 40%
Last Minute Offensive - 0:00
Last Minute Defensive - 0:00
Total
Forward - 60:00
Defense - 60:00
|
% Time on Ice - Senateurs
Lines # - Real PCT - Wanted PCT - Time Play
Normal Forward
1 - 36% - 40% - 17:47
2 - 27% - 30% - 13:46
3 - 21% - 20% - 10:19
4 - 16% - 10% - 8:13
Normal Defense
1 - 40% - 40% - 20:05
2 - 30% - 30% - 14:53
3 - 26% - 20% - 13:07
4 - 4% - 10% - 2:00
PP Forward
1 - 52% - 60% - 2:04
2 - 48% - 40% - 1:54
PP Defense
1 - 55% - 60% - 2:10
2 - 45% - 40% - 1:48
PK Forward
1 - 81% - 60% - 4:49
2 - 19% - 40% - 1:08
PK Defense
1 - 54% - 60% - 3:12
2 - 46% - 40% - 2:45
PK3 Forward
1 - 0% - 60%
2 - 0% - 40%
PK3 Defense
1 - 0% - 60%
2 - 0% - 40%
44 Forward
1 - 0% - 60%
2 - 0% - 40%
44 Defense
1 - 0% - 60%
2 - 0% - 40%
Last Minute Offensive - 0:00
Last Minute Defensive - 0:00
Total
Forward - 60:00
Defense - 60:00
|
Play-by-Play
1st period
0:01 of 1st period - Jordan Nolan wins face-off versus David Backes in neutral zone.
0:52 of 1st period - Drew Miller is hit by David Backes and loses puck.
1:01 of 1st period - Snap shot by Sidney Crosby.
1:01 of 1st period - Stopped by Ilya Sorokin with a rebound.
1:51 of 1st period - Wrist shot by Niclas Bergfors.
1:51 of 1st period - Stopped by Jonathan Bernier without a rebound.
1:52 of 1st period - Jeff Carter wins face-off versus Cody Eakin in Senateurs zone.
1:55 of 1st period - Slapshot by Travis Konecny.
1:55 of 1st period - Shot Misses the Net.
2:07 of 1st period - Snap shot by Jeff Carter.
2:07 of 1st period - Shot Misses the Net.
2:26 of 1st period - Slapshot by Jared Cowen.
2:26 of 1st period - Shot Misses the Net.
2:28 of 1st period - Snap shot by Rostislav Olesz.
2:28 of 1st period - Shot Misses the Net.
2:30 of 1st period - Slapshot by Jared Cowen.
2:30 of 1st period - Shot Blocked by Ivan Provorov.
2:47 of 1st period - Slapshot by Brock Nelson.
2:47 of 1st period - Shot Misses the Net.
2:49 of 1st period - Wrist shot by Brock Nelson.
2:49 of 1st period - Flyers goal is going for a video replay.
2:49 of 1st period - The goal is good.
2:49 of 1st period - Goal by Brock Nelson - Flyers : 1 - Senateurs : 0.
2:50 of 1st period - Jordan Nolan wins face-off versus Evgeni Malkin in neutral zone.
3:17 of 1st period - Ladislav Smid is hit by Drew Miller and loses puck.
3:37 of 1st period - Slapshot by Jared Cowen.
3:37 of 1st period - Stopped by Ilya Sorokin without a rebound.
3:38 of 1st period - Dave Bolland wins face-off versus Calle Jarnkrok in Flyers zone.
4:22 of 1st period - Icing by Eric Gelinas.
4:23 of 1st period - Travis Zajac wins face-off versus Cody Eakin in Senateurs zone.
4:30 of 1st period - Wrist shot by Niclas Bergfors.
4:30 of 1st period - Stopped by Jonathan Bernier without a rebound.
4:31 of 1st period - Jeff Carter wins face-off versus Sidney Crosby in Senateurs zone.
5:14 of 1st period - Slapshot by J.T. Miller.
5:14 of 1st period - Deflect By Jakub Voracek.
5:14 of 1st period - Shot Misses the Net.
5:14 of 1st period - Puck is out of play.
5:15 of 1st period - Cody Eakin wins face-off versus Calle Jarnkrok in Senateurs zone.
5:51 of 1st period - Slapshot by Sean Bergenheim.
5:51 of 1st period - Stopped by Ilya Sorokin without a rebound.
5:52 of 1st period - Jeff Carter wins face-off versus Evgeni Malkin in Flyers zone.
6:18 of 1st period - Sidney Crosby is hit by Jordan Nolan and loses puck.
6:38 of 1st period - Icing by Sidney Crosby.
6:39 of 1st period - Cody Eakin wins face-off versus Travis Zajac in Senateurs zone.
7:04 of 1st period - Jordan Nolan is hit by Ladislav Smid and loses puck.
8:24 of 1st period - Jason Pominville is hit by Matt Smaby and loses puck.
8:48 of 1st period - Marcus Kruger is hit by Evgeni Malkin and loses puck.
9:05 of 1st period - Snap shot by Sidney Crosby.
9:05 of 1st period - Goal by Sidney Crosby - Flyers : 1 - Senateurs : 1.
9:06 of 1st period - Sidney Crosby wins face-off versus J.T. Miller in neutral zone.
9:11 of 1st period - Wrist shot by Sidney Crosby.
9:11 of 1st period - Shot Blocked by J.T. Miller.
9:21 of 1st period - Off-side.
9:22 of 1st period - Jeff Carter wins face-off versus Evgeni Malkin in neutral zone.
9:29 of 1st period - Wrist shot by Travis Konecny.
9:29 of 1st period - Stopped by Jonathan Bernier without a rebound.
9:30 of 1st period - Jeff Carter wins face-off versus Evgeni Malkin in Senateurs zone.
9:49 of 1st period - Snap shot by Jeff Carter.
9:49 of 1st period - Shot Misses the Net.
9:51 of 1st period - Slapshot by Jonathan Ericsson.
9:51 of 1st period - Shot Misses the Net.
9:53 of 1st period - Wrist shot by Jeff Carter.
9:53 of 1st period - Shot Misses the Net.
9:57 of 1st period - Wrist shot by Travis Konecny.
9:57 of 1st period - Stopped by Jonathan Bernier with a rebound.
10:01 of 1st period - Slapshot by Jeff Carter.
10:01 of 1st period - Shot Misses the Net.
10:03 of 1st period - Slapshot by Matt Smaby.
10:03 of 1st period - Shot Blocked by Jared Cowen.
10:05 of 1st period - Snap shot by Drew Miller.
10:05 of 1st period - Shot Misses the Net.
10:07 of 1st period - Snap shot by Drew Miller.
10:07 of 1st period - Goal by Drew Miller - Flyers : 2 - Senateurs : 1.
10:08 of 1st period - Jordan Nolan wins face-off versus Sidney Crosby in neutral zone.
10:21 of 1st period - Slapshot by Sean Bergenheim.
10:21 of 1st period - Stopped by Ilya Sorokin without a rebound.
10:22 of 1st period - Calle Jarnkrok wins face-off versus Sidney Crosby in Flyers zone.
10:35 of 1st period - Snap shot by Sean Bergenheim.
10:35 of 1st period - Stopped by Ilya Sorokin with a rebound.
11:09 of 1st period - Wrist shot by Dave Bolland.
11:09 of 1st period - Stopped by Ilya Sorokin without a rebound.
11:10 of 1st period - Jeff Carter wins face-off versus Garnet Hathaway in Flyers zone.
11:47 of 1st period - Off-side.
11:48 of 1st period - Sidney Crosby wins face-off versus Jordan Nolan in neutral zone.
11:54 of 1st period - Icing by Jakub Voracek.
11:55 of 1st period - Jordan Nolan wins face-off versus Sidney Crosby in Flyers zone.
13:04 of 1st period - Slapshot by Marcus Kruger.
13:04 of 1st period - Shot Misses the Net.
13:10 of 1st period - Slapshot by Ladislav Smid.
13:10 of 1st period - Stopped by Ilya Sorokin without a rebound.
13:11 of 1st period - Jordan Nolan wins face-off versus Sidney Crosby in Flyers zone.
13:36 of 1st period - Michael Matheson is hit by J.T. Miller and loses puck.
13:41 of 1st period - Snap shot by Jakub Voracek.
13:41 of 1st period - Shot Hit the Post.
13:43 of 1st period - Slapshot by Jonathan Ericsson.
13:43 of 1st period - Stopped by Jonathan Bernier with a rebound.
14:27 of 1st period - Snap shot by Sidney Crosby.
14:27 of 1st period - Shot Misses the Net.
14:50 of 1st period - Minor Penalty to Sean Bergenheim for Holding.
14:51 of 1st period - Jeff Carter wins face-off versus Evgeni Malkin in Senateurs zone.
15:21 of 1st period - Jared Cowen is hit by Jeff Carter.
16:50 of 1st period - Penalty to Sean Bergenheim is over, Sean Bergenheim is back on ice.
17:00 of 1st period - Slapshot by Dave Bolland.
17:00 of 1st period - Stopped by Ilya Sorokin with a rebound.
17:44 of 1st period - Travis Konecny is hit by Jordan Martinook and loses puck.
19:00 of 1st period - Jakub Voracek is hit by Evgeni Malkin and loses puck.
19:15 of 1st period - Ladislav Smid is hit by Jeff Carter and loses puck.
19:54 of 1st period - Snap shot by Jared Cowen.
19:54 of 1st period - Shot Blocked by Ivan Provorov.
Goals for this period are 2 for Flyers vs 1 for Senateurs.
Shots for this period are 7 for Flyers vs 9 for Senateurs.
2nd period
0:01 of 2nd period - Evgeni Malkin wins face-off versus Travis Konecny in neutral zone.
0:17 of 2nd period - Slapshot by Jonathan Ericsson.
0:17 of 2nd period - Shot Misses the Net.
0:24 of 2nd period - Icing by Evgeni Malkin.
0:25 of 2nd period - Sidney Crosby wins face-off versus Jordan Nolan in Senateurs zone.
0:42 of 2nd period - Ivan Provorov is hit by Sidney Crosby and loses puck.
0:49 of 2nd period - Minor Penalty to Jacob Trouba for Interference.
0:50 of 2nd period - Sidney Crosby wins face-off versus Travis Zajac in Flyers zone.
2:14 of 2nd period - Drew Miller is hit by Rostislav Olesz and loses puck.
2:49 of 2nd period - Penalty to Jacob Trouba is over, Jacob Trouba is back on ice.
3:00 of 2nd period - Snap shot by Jakub Voracek.
3:00 of 2nd period - Shot Misses the Net.
3:31 of 2nd period - Nathan Beaulieu is hit by Jordan Martinook and loses puck.
3:44 of 2nd period - Jeff Woywitka is hit by Chris Mcallister and loses puck.
3:49 of 2nd period - Wrist shot by Chris Mcallister.
3:49 of 2nd period - Shot Misses the Net.
4:08 of 2nd period - Dave Bolland is hit by J.T. Miller and loses puck.
4:19 of 2nd period - Minor Penalty to Garnet Hathaway for Interference.
4:20 of 2nd period - Jordan Nolan wins face-off versus Sidney Crosby in Senateurs zone.
5:55 of 2nd period - Taylor Chorney is hit by Jacob Trouba and loses puck.
6:19 of 2nd period - Penalty to Garnet Hathaway is over, Garnet Hathaway is back on ice.
6:29 of 2nd period - Jordan Martinook is hit by Niclas Bergfors.
6:34 of 2nd period - Off-side.
6:35 of 2nd period - Travis Zajac wins face-off versus Evgeni Malkin in neutral zone.
6:44 of 2nd period - Wrist shot by Chris Mcallister.
6:44 of 2nd period - Stopped by Jonathan Bernier without a rebound.
6:45 of 2nd period - Evgeni Malkin wins face-off versus Travis Zajac in Senateurs zone.
6:45 of 2nd period - Evgeni Malkin is hit by Chris Mcallister.
6:51 of 2nd period - Snap shot by Travis Zajac.
6:51 of 2nd period - Stopped by Jonathan Bernier without a rebound.
6:52 of 2nd period - Sidney Crosby wins face-off versus Jordan Nolan in Senateurs zone.
7:21 of 2nd period - Snap shot by Jordan Martinook.
7:21 of 2nd period - Goal by Jordan Martinook - Flyers : 2 - Senateurs : 2.
7:22 of 2nd period - Sidney Crosby wins face-off versus Jeff Carter in neutral zone.
7:48 of 2nd period - Rostislav Olesz is hit by Matt Smaby and loses puck.
8:17 of 2nd period - Snap shot by Marcus Kruger.
8:17 of 2nd period - Stopped by Jonathan Bernier without a rebound.
8:18 of 2nd period - Sidney Crosby wins face-off versus Jeff Carter in Senateurs zone.
8:29 of 2nd period - Wrist shot by Drew Miller.
8:29 of 2nd period - Stopped by Jonathan Bernier without a rebound.
8:30 of 2nd period - Sidney Crosby wins face-off versus Jordan Nolan in Senateurs zone.
8:30 of 2nd period - Sidney Crosby is hit by J.T. Miller.
8:36 of 2nd period - Backhand shot by Eric Gelinas.
8:36 of 2nd period - Shot Blocked by J.T. Miller.
9:51 of 2nd period - Backhand shot by Dave Bolland.
9:51 of 2nd period - Shot Blocked by Marcus Kruger.
9:53 of 2nd period - Slapshot by Ladislav Smid.
9:53 of 2nd period - Stopped by Ilya Sorokin with a rebound.
10:03 of 2nd period - Slapshot by Nathan Beaulieu.
10:03 of 2nd period - Shot Blocked by Ladislav Smid.
10:11 of 2nd period - Slapshot by Ladislav Smid.
10:11 of 2nd period - Stopped by Ilya Sorokin with a rebound.
10:13 of 2nd period - Snap shot by David Backes.
10:13 of 2nd period - Stopped by Ilya Sorokin with a rebound.
10:23 of 2nd period - Snap shot by Evgeni Malkin.
10:23 of 2nd period - Stopped by Ilya Sorokin with a rebound.
10:25 of 2nd period - Snap shot by Rostislav Olesz.
10:25 of 2nd period - Stopped by Ilya Sorokin with a rebound.
10:29 of 2nd period - Wrist shot by Reilly Smith.
10:29 of 2nd period - Stopped by Ilya Sorokin with a rebound.
10:31 of 2nd period - Snap shot by Reilly Smith.
10:31 of 2nd period - Stopped by Ilya Sorokin with a rebound.
10:33 of 2nd period - Snap shot by Reilly Smith.
10:33 of 2nd period - Deflect By Jeff Carter.
10:33 of 2nd period - Stopped by Ilya Sorokin with a rebound.
11:05 of 2nd period - Niclas Bergfors is hit by Dave Bolland and loses puck.
11:59 of 2nd period - Snap shot by Jakub Voracek.
11:59 of 2nd period - Shot Misses the Net.
12:33 of 2nd period - Slapshot by Sidney Crosby.
12:33 of 2nd period - Stopped by Ilya Sorokin with a rebound.
12:35 of 2nd period - Backhand shot by Ladislav Smid.
12:35 of 2nd period - Shot Misses the Net.
12:37 of 2nd period - Snap shot by Sidney Crosby.
12:37 of 2nd period - Stopped by Ilya Sorokin with a rebound.
12:39 of 2nd period - Wrist shot by David Backes.
12:39 of 2nd period - Shot Misses the Net.
12:41 of 2nd period - Wrist shot by Sidney Crosby.
12:41 of 2nd period - Stopped by Ilya Sorokin without a rebound.
12:42 of 2nd period - Jeff Carter wins face-off versus Evgeni Malkin in Flyers zone.
12:42 of 2nd period - Jeff Carter is hit by Rostislav Olesz.
13:08 of 2nd period - Marcus Kruger is hit by Taylor Chorney.
13:14 of 2nd period - Snap shot by Jonathan Ericsson.
13:14 of 2nd period - Deflect By Marcus Kruger.
13:14 of 2nd period - Goal by Marcus Kruger - Flyers : 3 - Senateurs : 2.
13:15 of 2nd period - Evgeni Malkin wins face-off versus Jeff Carter in neutral zone.
13:17 of 2nd period - Off-side.
13:18 of 2nd period - Jeff Carter wins face-off versus Evgeni Malkin in neutral zone.
13:25 of 2nd period - Snap shot by Travis Konecny.
13:25 of 2nd period - Stopped by Jonathan Bernier with a rebound.
13:52 of 2nd period - Off-side.
13:53 of 2nd period - Sidney Crosby wins face-off versus Jordan Nolan in neutral zone.
14:20 of 2nd period - Jared Cowen is hit by Drew Miller and loses puck.
15:11 of 2nd period - Wrist shot by Sidney Crosby.
15:11 of 2nd period - Shot Blocked by Jonathan Ericsson.
15:48 of 2nd period - Eric Gelinas is hit by Travis Konecny and loses puck.
16:13 of 2nd period - Snap shot by Brock Nelson.
16:13 of 2nd period - Stopped by Jonathan Bernier with a rebound.
17:06 of 2nd period - Snap shot by Reilly Smith.
17:06 of 2nd period - Deflect By Rostislav Olesz.
17:06 of 2nd period - Shot Misses the Net.
17:06 of 2nd period - Puck is out of play.
17:07 of 2nd period - Travis Zajac wins face-off versus Evgeni Malkin in Flyers zone.
17:07 of 2nd period - Travis Zajac is hit by Evgeni Malkin.
17:34 of 2nd period - Travis Zajac is hit by Rostislav Olesz.
17:48 of 2nd period - Slapshot by Niclas Bergfors.
17:48 of 2nd period - Stopped by Jonathan Bernier with a rebound.
17:55 of 2nd period - Off-side.
17:56 of 2nd period - Sidney Crosby wins face-off versus Jordan Nolan in neutral zone.
18:14 of 2nd period - Minor Penalty to Sean Bergenheim for Holding.
18:15 of 2nd period - Jordan Nolan wins face-off versus Sidney Crosby in Senateurs zone.
Goals for this period are 1 for Flyers vs 1 for Senateurs.
Shots for this period are 8 for Flyers vs 12 for Senateurs.
3rd period
0:01 of 3rd period - Jordan Nolan wins face-off versus Sidney Crosby in neutral zone.
0:14 of 3rd period - Penalty to Sean Bergenheim is over, Sean Bergenheim is back on ice.
0:50 of 3rd period - Wrist shot by Zemgus Girgensons.
0:50 of 3rd period - Stopped by Ilya Sorokin without a rebound.
0:51 of 3rd period - Dave Bolland wins face-off versus Calle Jarnkrok in Flyers zone.
0:58 of 3rd period - Wrist shot by Garnet Hathaway.
0:58 of 3rd period - Stopped by Ilya Sorokin with a rebound.
1:00 of 3rd period - Slapshot by Jeff Woywitka.
1:00 of 3rd period - Stopped by Ilya Sorokin without a rebound.
1:01 of 3rd period - Jordan Nolan wins face-off versus Sean Bergenheim in Flyers zone.
1:10 of 3rd period - Snap shot by David Backes.
1:10 of 3rd period - Shot Misses the Net.
1:16 of 3rd period - Snap shot by Sean Bergenheim.
1:16 of 3rd period - Stopped by Ilya Sorokin without a rebound.
1:17 of 3rd period - Evgeni Malkin wins face-off versus Jeff Carter in Flyers zone.
1:55 of 3rd period - Snap shot by J.T. Miller.
1:55 of 3rd period - Shot Blocked by David Backes.
3:53 of 3rd period - Slapshot by Nathan Beaulieu.
3:53 of 3rd period - Shot Misses the Net.
3:55 of 3rd period - Snap shot by Chris Mcallister.
3:55 of 3rd period - Stopped by Jonathan Bernier with a rebound.
3:57 of 3rd period - Slapshot by Nathan Beaulieu.
3:57 of 3rd period - Shot Blocked by Evgeni Malkin.
3:59 of 3rd period - Snap shot by Chris Mcallister.
3:59 of 3rd period - Shot Blocked by Taylor Chorney.
4:17 of 3rd period - Wrist shot by Reilly Smith.
4:17 of 3rd period - Shot Misses the Net.
4:19 of 3rd period - Snap shot by Sean Bergenheim.
4:19 of 3rd period - Stopped by Ilya Sorokin without a rebound.
4:20 of 3rd period - Sidney Crosby wins face-off versus Jeff Carter in Flyers zone.
4:21 of 3rd period - Slapshot by David Backes.
4:21 of 3rd period - Shot Blocked by Jonathan Ericsson.
4:43 of 3rd period - Jeff Woywitka is hit by Jonathan Ericsson and loses puck.
4:50 of 3rd period - Slapshot by Jeff Carter.
4:50 of 3rd period - Shot Hit the Post.
4:52 of 3rd period - Slapshot by Matt Smaby.
4:52 of 3rd period - Deflect By David Backes.
4:52 of 3rd period - Stopped by Jonathan Bernier with a rebound.
4:54 of 3rd period - Snap shot by Travis Konecny.
4:54 of 3rd period - Shot Blocked by David Backes.
4:56 of 3rd period - Slapshot by Jonathan Ericsson.
4:56 of 3rd period - Shot Blocked by Jeff Woywitka.
4:58 of 3rd period - Snap shot by Jeff Carter.
4:58 of 3rd period - Goal by Jeff Carter - Flyers : 4 - Senateurs : 2.
4:58 of 3rd period - Brian Elliott enters game.
4:59 of 3rd period - Evgeni Malkin wins face-off versus Jordan Nolan in neutral zone.
6:08 of 3rd period - Icing by Jared Cowen.
6:09 of 3rd period - Jordan Nolan wins face-off versus Dave Bolland in Senateurs zone.
6:33 of 3rd period - Minor Penalty to Jonathan Ericsson for Holding.
6:34 of 3rd period - Travis Zajac wins face-off versus Sidney Crosby in Flyers zone.
6:52 of 3rd period - Brian Lashoff is hit by Sean Bergenheim and loses puck.
7:18 of 3rd period - Drew Miller is hit by Jeff Woywitka and loses puck.
8:33 of 3rd period - Penalty to Jonathan Ericsson is over, Jonathan Ericsson is back on ice.
8:59 of 3rd period - Zemgus Girgensons is hit by Brock Nelson and loses puck.
9:24 of 3rd period - Snap shot by Jeff Carter.
9:24 of 3rd period - Shot Blocked by Zemgus Girgensons.
9:26 of 3rd period - Slapshot by Drew Miller.
9:26 of 3rd period - Stopped by Brian Elliott without a rebound.
9:27 of 3rd period - Cody Eakin wins face-off versus Jordan Nolan in Senateurs zone.
9:53 of 3rd period - David Backes is hit by Jacob Trouba and loses puck.
9:58 of 3rd period - Snap shot by Travis Konecny.
9:58 of 3rd period - Shot Misses the Net.
10:00 of 3rd period - Snap shot by Drew Miller.
10:00 of 3rd period - Shot Blocked by Sidney Crosby.
10:02 of 3rd period - Wrist shot by Drew Miller.
10:02 of 3rd period - Deflect By Jeff Carter.
10:02 of 3rd period - Stopped by Brian Elliott without a rebound.
10:03 of 3rd period - Jordan Nolan wins face-off versus Evgeni Malkin in Senateurs zone.
10:28 of 3rd period - Drew Miller is hit by Sidney Crosby and loses puck.
11:24 of 3rd period - Wrist shot by Jordan Nolan.
11:24 of 3rd period - Shot Misses the Net.
11:38 of 3rd period - Snap shot by Evgeni Malkin.
11:38 of 3rd period - Shot Misses the Net.
11:40 of 3rd period - Slapshot by Jeff Woywitka.
11:40 of 3rd period - Stopped by Ilya Sorokin without a rebound.
11:41 of 3rd period - Evgeni Malkin wins face-off versus Jeff Carter in Flyers zone.
11:42 of 3rd period - Wrist shot by Reilly Smith.
11:42 of 3rd period - Stopped by Ilya Sorokin without a rebound.
11:43 of 3rd period - Jeff Carter wins face-off versus Evgeni Malkin in Flyers zone.
11:50 of 3rd period - Slapshot by Rostislav Olesz.
11:50 of 3rd period - Stopped by Ilya Sorokin with a rebound.
11:52 of 3rd period - Snap shot by Rostislav Olesz.
11:52 of 3rd period - Shot Blocked by Jacob Trouba.
11:54 of 3rd period - Wrist shot by Rostislav Olesz.
11:54 of 3rd period - Shot Hit the Post.
11:56 of 3rd period - Wrist shot by Michael Matheson.
11:56 of 3rd period - Shot Misses the Net.
13:04 of 3rd period - Slapshot by Evgeni Malkin.
13:04 of 3rd period - Deflect By Reilly Smith.
13:04 of 3rd period - Stopped by Ilya Sorokin with a rebound.
13:06 of 3rd period - Snap shot by Reilly Smith.
13:06 of 3rd period - Shot Misses the Net.
13:08 of 3rd period - Slapshot by Reilly Smith.
13:08 of 3rd period - Shot Blocked by Brock Nelson.
13:10 of 3rd period - Slapshot by Reilly Smith.
13:10 of 3rd period - Stopped by Ilya Sorokin without a rebound.
13:11 of 3rd period - Jordan Nolan wins face-off versus Sidney Crosby in Flyers zone.
13:11 of 3rd period - Jordan Nolan is hit by David Backes.
13:17 of 3rd period - J.T. Miller is hit by Ladislav Smid and loses puck.
13:57 of 3rd period - Slapshot by Matt Smaby.
13:57 of 3rd period - Stopped by Brian Elliott without a rebound.
13:58 of 3rd period - Cody Eakin wins face-off versus Jeff Carter in Senateurs zone.
14:05 of 3rd period - Snap shot by Jordan Martinook.
14:05 of 3rd period - Shot Misses the Net.
14:11 of 3rd period - Snap shot by Jason Pominville.
14:11 of 3rd period - Stopped by Ilya Sorokin without a rebound.
14:12 of 3rd period - Jeff Carter wins face-off versus Cody Eakin in Flyers zone.
14:23 of 3rd period - Slapshot by Travis Konecny.
14:23 of 3rd period - Shot Blocked by Jason Pominville.
14:25 of 3rd period - Snap shot by Travis Konecny.
14:25 of 3rd period - Deflect By Jeff Carter.
14:25 of 3rd period - Shot Misses the Net.
14:25 of 3rd period - Puck is out of play.
14:26 of 3rd period - Jakub Voracek wins face-off versus Sidney Crosby in Senateurs zone.
14:53 of 3rd period - Sidney Crosby is hit by Marcus Kruger and loses puck.
15:00 of 3rd period - Slapshot by Eric Gelinas.
15:00 of 3rd period - Shot Misses the Net.
15:02 of 3rd period - Wrist shot by Sidney Crosby.
15:02 of 3rd period - Stopped by Ilya Sorokin without a rebound.
15:03 of 3rd period - Calle Jarnkrok wins face-off versus Cody Eakin in Flyers zone.
15:03 of 3rd period - Calle Jarnkrok is hit by Jason Pominville.
15:19 of 3rd period - Slapshot by Marcus Kruger.
15:19 of 3rd period - Shot Misses the Net.
16:22 of 3rd period - Snap shot by Chris Mcallister.
16:22 of 3rd period - Shot Misses the Net.
16:36 of 3rd period - Snap shot by Reilly Smith.
16:36 of 3rd period - Shot Misses the Net.
16:38 of 3rd period - Snap shot by Reilly Smith.
16:38 of 3rd period - Shot Blocked by Matt Smaby.
16:40 of 3rd period - Slapshot by Jeff Woywitka.
16:40 of 3rd period - Shot Misses the Net.
16:44 of 3rd period - Snap shot by Reilly Smith.
16:44 of 3rd period - Shot Blocked by Matt Smaby.
16:58 of 3rd period - Slapshot by Brock Nelson.
16:58 of 3rd period - Shot Blocked by Cody Eakin.
17:00 of 3rd period - Wrist shot by Calle Jarnkrok.
17:00 of 3rd period - Stopped by Brian Elliott without a rebound.
17:01 of 3rd period - Cody Eakin wins face-off versus Calle Jarnkrok in Senateurs zone.
17:20 of 3rd period - Snap shot by Brock Nelson.
17:20 of 3rd period - Deflect By Calle Jarnkrok.
17:20 of 3rd period - Stopped by Brian Elliott without a rebound.
17:21 of 3rd period - Sidney Crosby wins face-off versus Jordan Nolan in Senateurs zone.
17:47 of 3rd period - Jason Pominville is hit by Jacob Trouba and loses puck.
18:44 of 3rd period - Ladislav Smid is hit by Jordan Nolan and loses puck.
Goals for this period are 1 for Flyers vs 0 for Senateurs.
Shots for this period are 8 for Flyers vs 12 for Senateurs.